Map: Divergencia EE

Players

Laurbert

  • Race: Protoss Protoss
  • Spawn Location: 11:00

MrPatel

  • Race: Terran Terran
  • Spawn Location: 11:00

MrFercho - Winner!

  • Race: Zerg Zerg
  • League: Silver
  • Spawn Location: 5:00

TATORREA - Winner!

  • Race: Protoss Protoss
  • League: Silver
  • Spawn Location: 5:00

VOD

Have the link to the VOD?

Description

Time

  • Played on: May 24, 2020, 11:23 p.m.
  • Length: 20:53
Show
View Real Time Build Order
Export as new Build Order

Laurbert Protoss 

Build Orders:  

Get SALT Encoding   

  12  0:01  Probe  
  13  0:13  Probe  
  14  0:24  Pylon  
  14  0:26  Probe  
  15  0:42  Probe  
  16  0:44  Gateway  
  16  0:48  Assimilator  
  16  0:54  Probe  
  17  1:06  Probe  
  18  1:12  Assimilator  
  18  1:18  Probe  
  19  1:30  Probe  
  20  1:42  Probe, Zealot  
  23  1:52  Cybernetics Core  
  23  1:59  Forge  
  23  2:04  Pylon  
  23  2:22  Probe  
  24  2:45  Probe  
  24  2:56  Zealot  
  24  2:57  Probe  
  27  2:59  Photon Cannon  
  27  3:03  Pylon  
  27  3:12  Stargate  
  27  3:23  Stalker  
  29  3:39  Warp Gate (Chrono Boost)  
  28  3:53  Stalker  
  30  4:00  Void Ray  
  34  4:03  Nexus  
  34  4:17  Probe  
  34  4:23  Zealot  
  37  5:00  Pylon  
  37  5:01  Pylon  
  37  5:02  Pylon  
  37  5:06  Pylon  
  37  5:09  Probe  
  39  5:21  Probe  
  39  5:24  Protoss Air Weapons Level 1, Zealot  
  41  5:33  Probe  
  42  5:37  Robotics Facility, Probe  
  43  5:49  Probe  
  34  5:51  Void Ray  
  38  6:01  Probe  
  39  6:04  Pylon  
  39  6:10  Stargate  
  39  6:13  Probe  
  39  6:14  Pylon  
  39  6:15  Photon Cannon  
  39  6:18  Pylon  
  40  6:19  Photon Cannon  
  40  6:23  Assimilator  
  40  6:25  Probe  
  41  6:26  Photon Cannon  
  41  6:29  Photon Cannon  
  41  6:37  Probe  
  42  6:41  Void Ray  
  42  6:45  Zealot  
  48  6:49  Probe  
  49  7:01  Probe  
  50  7:13  Probe  
  51  7:25  Probe  
  52  7:38  Probe  
  53  7:47  Stargate  
  53  7:50  Probe  
  54  7:54  Stargate  
  54  7:55  Void Ray  
  58  8:02  Probe  
  52  8:14  Probe  
  40  8:20  Stalker  
  40  8:26  Probe  
  42  8:38  Probe  
  43  8:48  Stalker  
  45  8:57  Void Ray  
  45  9:01  Probe  
  50  9:07  Assimilator  
  50  9:13  Probe  
  47  9:25  Probe  
  40  9:34  Zealot  
  40  9:37  Probe x2  
  44  9:46  Nexus  
  44  9:49  Probe  
  44  9:50  Void Ray  
  44  9:51  Probe  
  50  10:01  Probe  
  50  10:03  Probe  
  50  10:06  Nexus  
  52  10:13  Probe  
  53  10:15  Probe  
  54  10:26  Probe  
  55  10:37  Observer  
  55  10:38  Probe  
  57  10:46  Void Ray  
  61  10:50  Probe  
  62  10:59  Observer  
  63  11:05  Probe  
  64  11:18  Probe  
  65  11:21  Stalker  
  55  11:30  Probe  
  56  11:33  Observer  
  56  11:34  Phoenix  
  59  11:42  Probe  
  59  11:46  Probe  
  62  11:54  Probe  
  62  11:58  Probe  
  62  12:00  Assimilator  
  63  12:02  Assimilator  
  63  12:06  Probe  
  64  12:10  Probe  
  65  12:18  Probe  
  65  12:20  Void Ray  
  65  12:21  Void Ray  
  65  12:22  Void Ray, Probe  
  79  12:30  Probe  
  79  12:34  Probe, Cybernetics Core  
  81  12:42  Probe  
  81  12:44  Zealot  
  84  12:54  Probe  
  85  13:02  Protoss Air Armor Level 1  
  84  13:14  Zealot  
  65  13:41  Stalker  
  65  13:46  Phoenix  
  66  13:55  Probe  
  66  14:00  Assimilator  
  66  14:01  Assimilator  
  66  14:04  Probe  
  66  14:07  Probe  
  68  14:11  Phoenix  
  68  14:16  Probe  
  71  14:18  Gateway  
  71  14:19  Probe  
  72  14:27  Fleet Beacon  
  72  14:28  Probe  
  73  14:31  Pylon  
  73  14:32  Probe  
  73  14:36  Phoenix  
  73  14:37  Protoss Ground Weapons Level 1  
  76  14:40  Probe  
  76  14:44  Probe  
  78  14:46  Probe  
  78  14:52  Probe  
  80  14:54  Probe  
  80  14:56  Void Ray  
  80  14:58  Probe  
  86  15:01  Phoenix  
  86  15:07  Probe  
  89  15:10  Probe  
  90  15:22  Carrier  
  90  15:24  Void Ray  
  90  15:26  Phoenix  
  102  15:39  Void Ray  
  98  16:12  Zealot x2  
  102  16:22  Void Ray  
  93  16:40  Carrier  
  93  16:42  Carrier  
  102  17:22  Gateway  
  96  17:24  Probe  
Show
View Real Time Build Order
Export as new Build Order

MrPatel Terran 

Build Orders:  

Get SALT Encoding   

  12  0:01  SCV  
  13  0:14  SCV  
  13  0:20  Supply Depot  
  14  0:27  SCV  
  15  0:42  Barracks  
  15  0:44  SCV  
  15  0:48  Refinery  
  16  0:56  SCV  
  17  1:09  Supply Depot, SCV  
  18  1:39  Command Center, SCV  
  19  1:40  Marine  
  20  1:51  Refinery  
  20  1:54  Orbital Command  
  20  1:58  Marine  
  21  2:15  Marine  
  21  2:21  Supply Depot  
  22  2:33  Marine  
  23  2:44  SCV  
  24  2:47  Supply Depot  
  24  2:55  Barracks Tech Lab  
  24  2:59  SCV  
  24  3:02  Orbital Command  
  25  3:11  Barracks  
  25  3:12  Factory  
  25  3:20  Marine  
  26  3:37  Stimpack  
  26  3:38  Marine  
  27  3:47  SCV  
  28  3:54  SCV  
  29  3:59  SCV  
  30  4:06  SCV  
  31  4:18  SCV  
  31  4:23  SCV  
  33  4:43  SCV  
  34  4:48  SCV  
  34  4:51  Factory Tech Lab  
  35  4:55  SCV  
  35  4:57  Starport  
  36  5:00  SCV  
  36  5:01  Barracks Reactor, Marine  
  36  5:05  Barracks  
  38  5:08  SCV  
  38  5:13  SCV  
  40  5:16  Starport  
  40  5:19  Marine  
  40  5:20  SCV  
  42  5:25  SCV  
  42  5:28  Siege Tank  
  46  5:32  SCV  
  46  5:34  Refinery  
  47  5:35  Refinery  
  47  5:44  SCV  
  48  5:52  SCV  
  48  5:56  SCV  
  50  6:00  Siege Tank  
  50  6:04  Supply Depot  
  53  6:05  Medivac  
  53  6:08  SCV  
  56  6:16  Medivac  
  58  6:20  SCV  
  59  6:27  Supply Depot  
  59  6:32  Siege Tank  
  62  6:36  Marine x2  
  62  6:37  Marine  
  65  6:41  Barracks Reactor  
  65  6:42  Combat Shield  
  65  6:46  Medivac  
  67  6:51  Supply Depot  
  67  6:54  Marine x2  
  67  6:55  Marine, Engineering Bay  
  67  6:57  SCV  
  71  7:09  SCV  
  71  7:12  Marine x2  
  71  7:14  Supply Depot  
  74  7:21  SCV  
  75  7:30  Marine  
  75  7:31  Siege Tank  
  75  7:34  Medivac  
  75  7:36  Medivac  
  83  7:42  Supply Depot  
  83  8:05  Supply Depot  
  67  8:35  Marauder  
  67  8:36  Marine x2  
  66  8:43  Missile Turret  
  53  8:55  Marine  
  51  9:05  Marine  
  51  9:06  Marine  
  53  9:12  SCV  
  53  9:13  Marine  
  47  9:23  Marine x2  
  47  9:24  SCV  
  47  9:31  Marine  
  47  9:36  SCV  
  49  9:41  Medivac, Marine  
  49  9:43  Marine  
  49  9:45  Marine x2  
  55  9:48  SCV  
  55  9:49  Marine  
  55  9:51  Supply Depot, Terran Infantry Weapons Level 1  
  57  9:59  Marine  
  58  10:00  SCV  
  58  10:02  Marine  
  58  10:03  Marine  
  58  10:06  SCV  
  58  10:07  Marine  
  62  10:10  Siege Tank  
  62  10:12  Medivac  
  68  10:18  SCV  
  68  10:20  Marine  
  68  10:24  Marine  
  68  10:26  Marine  
  68  10:28  Marine x2  
  71  10:30  SCV  
  71  10:31  Medivac  
  71  10:34  SCV  
  76  10:38  Marine  
  76  10:42  Medivac, Marine, Siege Tank, SCV  
  83  10:44  Marine  
  83  10:47  Supply Depot  
  85  10:56  Marine x3  
  88  11:00  Marine  
  88  11:02  Marine  
  90  11:11  Armory  
  84  11:14  Marine x3, Siege Tank  
  84  11:18  Marine  
  82  11:20  Marine  
  84  11:32  Marine x2  
  77  11:36  Marine  
  77  11:37  Marine  
  76  11:45  Medivac  
  76  11:46  Terran Infantry Armor Level 1  
  78  11:47  Siege Tank  
  78  11:50  Marine x2  
  78  11:51  Marine  
  78  11:54  Medivac, Marine  
  85  11:55  Marine  
  85  11:59  SCV  
  89  12:08  Marine  
  90  12:09  Marine  
  90  12:11  Marine  
  92  12:27  Command Center, SCV  
  92  12:29  Marine  
  94  12:35  Marine x2  
  96  12:37  Marine x2  
  96  12:38  Command Center  
  96  12:39  SCV  
  96  12:41  Terran Vehicle Weapons Level 1  
  99  12:46  Supply Depot  
  99  12:47  Marine  
  100  12:52  SCV  
  100  12:53  Marine x2  
  100  12:55  Marine x2  
  105  13:04  SCV  
  105  13:05  Marine, Factory Tech Lab  
  107  13:08  Supply Depot  
  107  13:10  Marine  
  107  13:11  Marine  
  107  13:12  Marine  
  109  13:13  Marine  
  109  13:16  SCV  
  112  13:23  Marine  
  113  13:28  Marine x2  
  113  13:30  Marine x2  
  113  13:31  Engineering Bay  
  116  13:40  Marine, Neosteel Armor  
  113  13:46  Marine x2  
  113  13:48  Marine  
  112  13:55  Marine  
  114  13:58  Marine  
  115  14:03  SCV  
  115  14:04  Marine x2  
  115  14:06  Marine  
  115  14:09  Terran Infantry Armor Level 2  
  119  14:15  SCV  
  119  14:16  Marine x2  
  122  14:22  Marine x2, SCV  
  125  14:27  SCV  
  126  14:31  Orbital Command  
  126  14:34  Marine, SCV  
  128  14:39  SCV  
  128  14:40  Marine x2  
  131  14:52  Marine, SCV  
  133  14:57  Marine  
  133  14:58  Marine  
  135  15:03  Starport Tech Lab  
  135  15:04  SCV  
  136  15:14  Fusion Core  
  136  15:19  Terran Infantry Weapons Level 2  
  61  15:57  Marine  
  61  15:58  Marine x2  
  61  15:59  Marine x2  
  50  16:15  Marine x2  
  50  16:16  Marine  
  50  16:17  Marine x2  
  53  16:22  Medivac  
  47  16:33  Marine x2  
  47  16:34  Marine  
  47  16:35  Marine  
  51  16:46  Marine  
  42  16:52  Medivac, Marine  
  42  16:53  Marine  
  33  17:39  Barracks  
  29  17:46  SCV  
  26  19:12  Factory  
  14  19:18  Refinery  
  15  20:01  Starport  
  15  20:05  Supply Depot  
  15  20:07  Supply Depot  
  15  20:10  Supply Depot x3  
  15  20:11  Supply Depot  
Show
View Real Time Build Order
Export as new Build Order

MrFercho Zerg - Winner!

Build Orders: 1 Base Baneling Bust, Pool First 

Get SALT Encoding   

  12  0:02  Drone  
  13  0:15  Overlord  
  13  0:18  Drone  
  14  0:28  Extractor  
  14  0:33  Drone x2  
  15  0:37  Overlord  
  15  0:48  Drone  
  16  1:02  Spawning Pool, Drone  
  16  1:16  Drone, Evolution Chamber  
  16  1:20  Drone  
  17  1:33  Drone  
  17  1:34  Extractor  
  17  1:49  Metabolic Boost  
  17  1:51  Drone  
  17  1:53  Queen, Drone  
  21  2:05  Overlord  
  21  2:19  Zergling x2  
  22  2:41  Zergling x2  
  22  2:42  Zergling x2  
  24  2:46  Zerg Ground Armor Level 1  
  24  2:56  Baneling Nest  
  23  3:06  Zergling x2  
  23  3:07  Zergling x8  
  28  3:22  Evolution Chamber  
  27  3:42  Drone  
  27  3:43  Drone x5  
  33  3:49  Zerg Melee Weapons Level 1  
  33  3:53  Lair  
  33  4:11  Overlord x2  
  33  4:21  Drone x4  
  37  4:31  Hatchery  
  36  4:48  Zerg Missile Weapons Level 1  
  36  4:55  Extractor x2  
  36  4:59  Hydralisk Den  
  33  5:28  Baneling  
  33  5:29  Baneling x13  
  33  5:35  Drone x2  
  35  5:37  Hatchery  
  35  5:41  Extractor  
  35  5:42  Extractor  
  24  5:54  Zergling x10  
  24  5:55  Zergling x2  
  30  6:09  Drone  
  30  6:10  Drone x3  
  34  6:36  Queen  
  36  6:44  Hydralisk  
  36  6:45  Hydralisk x3  
  44  6:53  Baneling  
  44  6:54  Baneling x6  
  44  7:08  Drone  
  45  7:09  Drone x6  
  51  7:30  Baneling  
  51  7:31  Baneling x4  
  51  7:34  Queen  
  53  7:40  Drone  
  53  7:41  Drone x2  
  56  8:00  Spine Crawler  
  56  8:03  Spine Crawler  
  56  8:04  Spore Crawler  
  53  8:07  Spore Crawler  
  53  8:10  Queen, Centrifical Hooks  
  54  8:16  Zerg Missile Weapons Level 2  
  54  8:18  Zerg Ground Armor Level 2  
  39  8:41  Hydralisk  
  39  8:42  Hydralisk x2  
  33  9:08  Grooved Spines  
  28  9:49  Drone x4  
  32  10:20  Muscular Augments  
  32  10:22  Hatchery  
  31  10:33  Hatchery  
  31  10:35  Drone x6  
  36  11:37  Infestation Pit  
  35  12:01  Hydralisk x11  
  57  12:17  Queen  
  57  12:19  Queen  
  61  12:44  Drone x5  
  62  12:45  Overlord x2  
  62  12:46  Overlord x2  
  32  14:16  Zerg Melee Weapons Level 2  
  32  14:25  Zergling x2  
  32  14:26  Zergling x40  
  32  14:27  Zergling x2  
  54  15:05  Drone  
  54  15:06  Drone x2  
  57  15:12  Drone x3  
  57  15:13  Extractor  
  59  15:17  Baneling x10  
  59  15:18  Baneling x27  
  59  15:19  Baneling x7  
  37  15:59  Hive  
  37  16:04  Hydralisk  
  37  16:05  Hydralisk x14  
  67  16:46  Drone x7  
  67  16:47  Drone x6  
  70  17:58  Hydralisk  
  68  17:59  Hydralisk x14  
  68  18:03  Overlord  
  68  18:04  Overlord  
  98  18:57  Adrenal Glands  
Show
View Real Time Build Order
Export as new Build Order

TATORREA Protoss - Winner!

Build Orders: Carriers 

Get SALT Encoding   

  12  0:03  Probe  
  13  0:30  Probe  
  13  0:34  Pylon  
  14  0:42  Probe  
  15  0:54  Probe  
  16  1:06  Probe  
  16  1:09  Gateway  
  17  1:19  Probe  
  17  1:20  Assimilator  
  18  1:31  Probe  
  19  1:43  Probe  
  20  1:48  Assimilator  
  20  2:04  Nexus  
  20  2:08  Cybernetics Core  
  20  2:31  Probe  
  21  2:41  Gateway  
  21  2:48  Stalker  
  23  3:08  Pylon  
  23  3:12  Pylon  
  23  3:16  Pylon, Probe  
  24  3:28  Probe  
  24  3:31  Probe  
  26  3:34  Stalker  
  26  3:39  Stalker  
  30  3:41  Probe  
  30  3:43  Probe  
  32  3:53  Probe  
  33  4:04  Stargate  
  33  4:06  Stargate  
  33  4:07  Probe  
  33  4:09  Probe  
  35  4:19  Warp Gate  
  35  4:21  Probe x2  
  37  4:33  Probe x2  
  39  4:42  Forge  
  39  4:45  Probe x2  
  41  4:46  Robotics Facility  
  41  4:56  Twilight Council  
  41  5:09  Probe  
  41  5:11  Probe  
  41  5:14  Oracle  
  46  5:21  Assimilator  
  46  5:25  Assimilator  
  46  5:27  Protoss Ground Weapons Level 1  
  46  5:33  Probe  
  46  5:34  Probe  
  46  5:57  Probe x2  
  46  6:09  Probe x2  
  48  6:16  Immortal  
  52  6:21  Stalker x2, Probe x2  
  52  6:25  Oracle  
  61  6:33  Pylon  
  61  6:39  Pylon  
  61  6:43  Pylon  
  61  6:48  Pylon  
  61  6:51  Pylon  
  61  6:59  Probe x2  
  63  7:04  Stalker x2  
  67  7:10  Charge  
  67  7:11  Probe x2  
  67  7:13  Immortal  
  73  7:20  Protoss Air Armor Level 1  
  73  7:23  Probe x2  
  75  7:35  Probe x2  
  77  7:43  Void Ray x2  
  85  7:47  Stalker x2, Probe  
  85  7:48  Probe  
  91  7:55  Immortal  
  81  9:14  Stalker  
  81  9:15  Stalker  
  77  9:17  Void Ray x2  
  77  9:21  Immortal  
  77  9:22  Protoss Ground Weapons Level 2  
  89  9:28  Protoss Air Weapons Level 1  
  84  9:43  Stalker  
  84  9:44  Stalker  
  88  10:00  Void Ray x2, Immortal  
  100  10:24  Nexus  
  100  10:28  Zealot  
  102  10:42  Pylon  
  102  10:45  Pylon  
  102  10:48  Pylon  
  102  10:52  Pylon  
  102  11:00  Pylon, Probe x2  
  102  11:03  Pylon  
  104  11:07  Pylon  
  100  11:12  Pylon, Probe x2  
  100  11:15  Pylon  
  100  11:24  Probe x2  
  88  11:36  Probe  
  63  11:44  Void Ray x2  
  71  11:48  Immortal  
  71  11:52  Stalker x2  
  79  12:18  Gateway  
  79  12:20  Assimilator  
  79  12:21  Gateway x3  
  79  12:22  Assimilator  
  79  12:24  Gateway  
  79  12:25  Gateway  
  79  12:26  Gateway x2  
  79  12:29  Gateway, Robotics Bay  
  79  12:31  Gateway, Nexus  
  79  12:34  Fleet Beacon  
  79  12:49  Probe  
  80  12:53  Stalker x2  
  80  12:56  Void Ray x2  
  92  12:59  Observer  
  92  13:01  Protoss Ground Weapons Level 3 (Chrono Boost)  
  93  13:20  Immortal  
  77  13:54  Extended Thermal Lance  
  77  14:02  Colossus  
  77  14:08  Carrier x2  
  95  14:11  Unknown  
  95  14:21  Stalker  
  95  14:22  Stalker x2  
  95  14:23  Stalker  
  95  14:24  Stalker  
  105  14:25  Stalker x2, Protoss Air Weapons Level 2  
  105  14:26  Stalker x2  
  105  14:27  Stalker  
  105  14:28  Stalker  
  105  14:29  Stalker  
  119  14:57  Colossus  
  125  15:00  Assimilator  
  125  15:03  Assimilator, Anion Pulse-Crystals  
  125  15:12  Tempest, Carrier  
  136  15:52  Protoss Ground Armor Level 1  
  136  15:55  Phoenix  
  126  17:38  Phoenix x2  
  126  17:41  Colossus  
  136  18:03  Carrier x2  
  148  18:10  Zealot x2  
  148  18:11  Zealot x3  
  148  18:12  Zealot x3  
  164  18:13  Zealot x3  
  164  18:14  Zealot  
  164  18:19  Nexus  
  172  18:34  Colossus  
  178  19:07  Carrier x2  
  190  19:28  Colossus  
Tags
 
Add a new tag
Caveats
  • Supply blocks, unpowered buildings, or Contaminate may cause inaccurate times.
  • Supply counts are checked every 10 seconds.